AoeStats
← Irving Legend

Arabia

508476259Analyzed
1v1 RM · 11d ago on Sep 22, 2026· 35m 31s· 2 players
Game mode
Random Map
Map size
Tiny (2 player)
Population
200
Speed
Normal
Resources
Standard
Victory
Conquest
Starting age
Dark Age
Ending age
Imperial Age
RankedLock teamsTeams togetherTeam positionsShared explorationLock speedFull tech treeHidden civsTurbo modeCheats
Victory
Defeat
🇨🇦 Random · Canada
1178
+15
🇭🇰 Tatars · Hong Kong SAR China
1159
-15
Leesze
4:35 Loom
7:05 Loom
9:34 Feudal Age
10:06 Double-Bit Axe
10:57 Man-at-Arms
13:04 Gold Mining
14:11 Horse Collar
22:16 Castle Age
20:20 Fletching
20:54 Padded Archer Armor
23:13 Bow Saw
23:44 Heavy Plow
24:03 Bodkin Arrow
25:00 Gold Shaft Mining
25:46 Town Watch
29:30 Scale Barding Armor
31:05 Forging
Irving Legend
6:21 Loom
9:14 Feudal Age
9:25 Man-at-Arms
9:52 Double-Bit Axe
16:48 Wheelbarrow
15:59 Horse Collar
17:04 Bloodlines
22:03 Castle Age
20:28 Scale Mail Armor
20:39 Forging
20:47 Gold Mining
21:45 Arson
22:57 Bow Saw
23:38 Squires
23:50 Gambesons
25:18 Chain Mail Armor
33:24 Iron Casting
37:59 Imperial Age
35:15 Town Watch
Connection lost

Rejoining the realm…

Still unreachable

The connection could not be restored.

Session expired

The server has moved on; the page needs a fresh start.